 Dungeon Crawl Stone Soup version 0.29.1-1-gd02db6906a (webtiles) character file.

Game seed: 7651288078027972460

1196 Ashen the Chiller (level 8, 0/59 HPs)
             Began as a Demonspawn Ice Elementalist on Sept 28, 2022.
             Was an Initiate of Vehumet.
             Slain by a gnoll sergeant
             ... wielding a +0 trident of venom
              (5 damage)
             ... on level 5 of the Dungeon.
             The game lasted 00:13:44 (6123 turns).

Ashen the Chiller (Demonspawn Ice Elementalist)     Turns: 6123, Time: 00:13:45

Health: 0/59       AC: 14    Str:  9    XL:     8   Next: 20%
Magic:  8/15       EV:  6    Int: 19    God:    Vehumet [......]
Gold:   297        SH:  0    Dex: 13    Spells: 6/17 levels left

rFire   . . .      SeeInvis .   w - +3 short sword (protect)
rCold   . . .      Faith    .   (no shield)
rNeg    . . .      Spirit   .   h - +0 leather armour
rPois   .          Reflect  .   (helmet restricted)
rElec   .          Harm     .   A - +1 cloak
rCorr   .          Rampage  .   o - +2 pair of gloves
Will    .....                   (no boots)
Stlth   ++........              C - amulet of magic regeneration
HPRegen 0.19/turn               d - ring of flight
MPRegen 0.54/turn               l - ring of wizardry

@: lethally poisoned (0 -> -4), ice-armoured, freezing walls, flying, held
A: horns 1, rugged brown scales 1, powered by death 1
a: Renounce Religion


You were on level 5 of the Dungeon.
You worshipped Vehumet.
Vehumet was noncommittal.
You visited 2 branches of the dungeon, and saw 6 of its levels.

You collected 297 gold pieces.

Inventory:

Hand Weapons
 w - a +3 short sword of protection (weapon)
Missiles
 g - 2 javelins
 u - 7 poisoned darts
 D - 2 silver javelins
Armour
 h - a +0 leather armour (worn)
 o - a +2 pair of gloves (worn)
 A - a +1 cloak (worn)
Jewellery
 d - a ring of flight (left hand)
 l - a ring of wizardry (right hand)
 C - an amulet of magic regeneration (around neck)
Wands
 x - a wand of polymorph (10)
 z - a wand of flame (48)
Scrolls
 a - 4 scrolls of fear {unknown}
 e - a scroll of enchant weapon
 i - a scroll of acquirement {unknown}
 j - 2 scrolls of magic mapping
 n - a scroll of blinking
 p - a scroll of enchant armour
 v - a scroll of noise {unknown}
 y - a scroll of butterflies {unknown}
 B - a scroll of vulnerability
Potions
 b - 2 potions of magic
 c - 4 potions of curing
 f - a potion of flight
 k - a potion of resistance {unknown}
 m - a potion of haste {unknown}
 q - 2 potions of heal wounds
 r - a potion of cancellation {unknown}
 s - a potion of ambrosia {unknown}
 t - a potion of attraction


   Skills:
 + Level 3.2 Fighting
 + Level 3.8 Dodging
 + Level 3.9 Stealth
 * Level 5.1 Spellcasting
 * Level 6.0 Ice Magic


You had 6 spell levels left.
You knew the following spells:

 Your Spells              Type           Power      Damage    Failure   Level
a - Freeze                Ice            100%       1d11      1%          1
b - Frozen Ramparts       Ice            56%        1d9       1%          3
c - Ozocubu's Armour      Ice            28%        N/A       1%          3
d - Hailstorm             Conj/Ice       16%        3d6       19%         4

Your spell library contained the following spells:

 Spells                   Type           Power      Damage    Failure   Level
 Sandblast                Erth           8%         2d5       7%          1
 Slow                     Hex            16%        N/A       7%          1
 Passwall                 Tmut/Erth      3%         N/A       11%         2
 Confusing Touch          Hex            4%         N/A       21%         3
 Gell's Gravitas          Tloc           4%         N/A       21%         3
 Lesser Beckoning         Tloc           4%         N/A       21%         3
 Stone Arrow              Conj/Erth      8%         3d7       21%         3
 Teleport Other           Tloc           4%         N/A       21%         3
 Vampiric Draining        Necr           4%         2d6       21%         3
 Borgnjor's Revivificati  Necr           2%         N/A       100%        8
 Necromutation            Tmut/Necr      2%         N/A       100%        8
 Death's Door             Necr           2%         N/A       100%        9


Dungeon Overview and Level Annotations

Branches:
Dungeon (5/15)             Temple (1/1) D:4

Altars:
Cheibriados
Dithmenos
Hepliaklqana
Kikubaaqudgha
Nemelex Xobeh
Okawaru
Qazlal
Ru
Uskayaw
Vehumet
Wu Jian
Yredelemnul

Shops:
D:3 [   D:4 (

Annotations:
D:5 1 transporter, EtherCrawl's ghost, weakling OgDe


Innate Abilities, Weirdness & Mutations

You have a pair of small horns on your head.
You are partially covered in rugged brown scales. (AC +1, +3% HP)
You regenerate a little health from kills.


Message History

Vehumet accepts your kill.
The wall freezes the gnoll!
You kill the gnoll!
Vehumet accepts your kill.
Press: ? - help, v - describe, . - travel, g - get item
Here: EtherCrawl's ghost Item here: a +0 spear.
The floor, spattered with blood.
Unknown command.
You tear a large gash into the net.
The wall freezes the gnoll sergeant but does no damage.
The gnoll sergeant hits you from afar with a +2 trident of chaos!
You convulse.
* * * LOW HITPOINT WARNING * * *
The wall freezes EtherCrawl's ghost.
The gnoll bouda barks out a call to the hunt!
The gnoll picks up the pace!
You feel much better.
The wall freezes the gnoll sergeant but does no damage.
The gnoll sergeant hits you from afar with a +2 trident of chaos!
You feel your power leaking away.
The wall freezes EtherCrawl's ghost.
EtherCrawl's ghost barely misses you.
You struggle against the net.
The wall freezes the gnoll sergeant.
The gnoll sergeant hits you but does no damage.
The wall freezes EtherCrawl's ghost.
EtherCrawl's ghost barely misses you.
The wall freezes the gnoll sergeant!
The gnoll sergeant hits you from afar with a +0 trident of venom.
You are poisoned.
Unknown command.
You struggle against the net.
You feel sick.
The gnoll sergeant is frozen!
The wall freezes the gnoll sergeant.
The gnoll sergeant hits you from afar with a +2 trident of chaos!
* * * LOW HITPOINT WARNING * * *
The gnoll sergeant freezes you.
* * * LOW HITPOINT WARNING * * *
The wall freezes EtherCrawl's ghost.
EtherCrawl's ghost hits you.
* * * LOW HITPOINT WARNING * * *
The wall freezes the gnoll sergeant.
The gnoll sergeant hits you from afar with a +0 trident of venom.
You die...

#..≈≈##.###.###.##≈≈.....
#..≈≈#g......,...#≈≈.....
#..≈≈###.##'##.###≈≈.....
#..≈≈..#.#...#.#..≈≈....#
#..≈≈.##.'...'.##.≈≈..#..
#..≈≈.#..#...#.©#.≈≈.....
##.≈≈.##.##g##.##.≈≈.....
#.≈≈..#.#gg.#.#.........
#.~~.©#@Wggg'.#©......##
#.≈≈..#.#8g8#.#......##
#.≈≈.##.#####.##.≈≈..#
#.≈≈.#..#g:.#.g#.≈≈.##
#.≈≈.##.#g..#.##.≈≈.#
#.≈≈..#.#...#.#..≈≈.#
#.≈≈###.##'##.###≈≈.#
#.≈≈#W........W.#≈≈.#
#.≈≈##.###.###.##≈≈.# #


You could see 3 gnoll sergeants, a gnoll bouda, EtherCrawl's ghost and 3 gnolls.

Vanquished Creatures
  A water moccasin (D:5)
  A black bear (D:5)
  An ogre (D:4)
  A phantom (D:5)
  A necrophage (D:4)
  5 scorpions
  Dowan (D:4)
  2 howler monkeys
  Crazy Yiuf (D:4)
  Ijyb (D:4)
  An iguana (D:5)
  2 orc wizards (D:5)
  Robin (D:3)
  6 gnolls
  6 adders
  A white imp (D:5)
  2 dart slugs
  5 orcs
  7 bats
  3 endoplasms
  2 giant cockroaches (D:3)
  12 goblins
  16 hobgoblins
  4 quokkas
  13 ball pythons
  3 frilled lizards
  6 kobolds
  7 rats
112 creatures vanquished.

Vanquished Creatures (others)
  7 plants
7 creatures vanquished.

Grand Total: 119 creatures vanquished

Notes
Turn   | Place    | Note
-------+----------+-------------------------------------------
     0 | D:1      | Ashen the Demonspawn Ice Elementalist began the quest for
                  | the Orb.
     0 | D:1      | Reached XP level 1. HP: 13/13 MP: 3/3
   407 | D:1      | Gained mutation: You regenerate a little health from kills.
                  | [demonic ancestry]
   407 | D:1      | Reached XP level 2. HP: 9/19 MP: 0/5
  1534 | D:2      | Gained mutation: You have a pair of small horns on your
                  | head. [demonic ancestry]
  1534 | D:2      | Reached XP level 3. HP: 25/25 MP: 3/6
  1730 | D:2      | Reached skill level 4 in Ice Magic
  1922 | D:1      | Learned a level 3 spell: Frozen Ramparts
  1926 | D:1      | Learned a level 3 spell: Ozocubu's Armour
  2199 | D:2      | Reached XP level 4. HP: 28/31 MP: 4/8
  2280 | D:2      | Reached skill level 1 in Fighting
  2730 | D:3      | Noticed a scorpion
  2738 | D:3      | Killed a scorpion
  2739 | D:3      | Reached XP level 5. HP: 33/37 MP: 2/9
  2758 | D:3      | Noticed Robin
  2762 | D:3      | Killed Robin
  2763 | D:3      | Identified the +3 scale mail "Koum" {Fly}
  2783 | D:3      | Found a faded altar of an unknown god.
  3029 | D:3      | Found Dibbid Iqoi's Antique Armour Boutique.
  3362 | D:4      | Noticed Ijyb
  3372 | D:4      | Killed Ijyb
  3435 | D:4      | Found a snail-covered altar of Cheibriados.
  3457 | D:4      | Reached XP level 6. HP: 39/44 MP: 7/11
  3465 | D:4      | Noticed Duvessa
  3492 | D:4      | Noticed Dowan
  3603 | D:4      | Found a staircase to the Ecumenical Temple.
  3620 | Temple   | Entered the Ecumenical Temple
  3845 | Temple   | Became a worshipper of Vehumet
  3897 | D:4      | Found Voxzuf's Weapon Shoppe.
  3907 | D:4      | Killed Dowan
  3908 | D:4      | Reached skill level 5 in Ice Magic
  4124 | D:4      | Noticed Duvessa
  4124 | D:4      | Duvessa changed into Duvessa the scorpion
  4133 | D:4      | Killed Duvessa the scorpion
  4134 | D:4      | Reached XP level 7. HP: 37/51 MP: 5/13
  4288 | D:4      | Found a runed translucent door.
  4289 | D:4      | Noticed Crazy Yiuf
  4334 | D:4      | Killed Crazy Yiuf
  4705 | D:5      | Entered Level 5 of the Dungeon
  5202 | D:5      | Gained mutation: You are partially covered in rugged brown
                  | scales. (AC +1, +3% HP) [demonic ancestry]
  5202 | D:5      | Reached XP level 8. HP: 43/59 MP: 12/15
  5317 | D:5      | Learned a level 4 spell: Hailstorm
  5365 | D:5      | Found a transporter.
  5366 | D:5      | Found a transporter.
  5372 | D:5      | Reached skill level 5 in Spellcasting
  5412 | D:5      | Noticed EtherCrawl's ghost (weakling OgDe)
  5415 | D:5      | Identified the ring of Altruism {rN+ Int+3}
  5633 | D:5      | Reached skill level 6 in Ice Magic
  5635 | D:5      | Identified the +1 scale mail of Catatonia {rN++}
  5635 | D:5      | Identified the +3 buckler of Happiness {Rampage rC- Dex+2}
  6123 | D:5      | Slain by a gnoll sergeant

Illustrated notes

Levels and vault maps discovered:
D:1:      spicycebolla_green_bress_n_ham, layout_basic
D:2:      layout_loops_cross, basic_altar, corexii_shack, glass_columns_b,
          serial_park_tiny_1, minmay_octomino_e4
D:3:      layout_loops_cross, dreamdust_ecumenical_altar_grove, serial_shops,
          shop, uniq_robin
D:4:      layout_basic, mainiacjoe_overflow_six_doors_small,
          minmay_temple_entry_waves, serial_shops, nicolae_shop_crystal,
          due_unseen_surprise, uniq_crazy_yiuf_cottage, uniq_duvessa, uniq_ijyb
D:5:      layout_layer_cave, gammafunk_ghost_gnarly_gnolls
Temple:   nicolae_temple_figure_eight

Skill      XL: |  1  2  3  4  5  6  7  8 |
---------------+-------------------------+-----
Dodging        | 2 3 |  3.8
Stealth        | 2 3 |  3.9
Ice Magic      | 4 5 6 |  6.0
Fighting       | 1 2 3 |  3.2
Spellcasting   | 3 4 5 |  5.1

Action                   |  1- 3 |  4- 6 |  7- 9 || total
-------------------------+-------+-------+-------++-------
Melee: Unarmed           |    14 |     1 |       ||    15
       Short sword       |    44 |    95 |    57 ||   196
       Headbutt          |     3 |    19 |    12 ||    34
       Punch             |       |     1 |     3 ||     4
 Cast: Freeze            |    55 |    16 |    17 ||    88
       Frozen Ramparts   |       |     9 |     4 ||    13
       Ozocubu's Armour  |       |     6 |     4 ||    10
Evoke: Wand              |       |     3 |       ||     3
  Use: Potion            |       |     1 |     2 ||     3
       Scroll            |       |       |    10 ||    10
 Stab: Sleeping          |     6 |     4 |     2 ||    12
Armor: Robe              |     4 |       |       ||     4
       Leather armour    |    28 |    39 |    42 ||   109
Dodge: Dodged            |    90 |    77 |    42 ||   209
